 Dungeon Crawl Stone Soup version 0.29.1-14-g9c671dbff4 (webtiles) character file.

Game seed: 4473052997857645335

33 Wobber the Insei (level 3, 0/26 HPs)
             Began as a Merfolk Transmuter on Feb 12, 2023.
             Succumbed to an adder's poison
             ... on level 2 of the Dungeon.
             The game lasted 00:03:43 (1479 turns).

Wobber the Insei (Merfolk Transmuter)               Turns: 1479, Time: 00:03:44

Health: 0/26       AC:  2    Str: 10    XL:     3   Next: 29%
Magic:  6/6        EV: 13    Int: 12    God:
Gold:   98         SH:  0    Dex: 16    Spells: 2/6 levels left

rFire   . . .      SeeInvis .   e - +1 spear (flame)
rCold   + . .      Faith    .   (no shield)
rNeg    . . .      Spirit   .   a - +0 robe
rPois   .          Reflect  .   (helmet currently unavailable)
rElec   .          Harm     .   (no cloak)
rCorr   .          Rampage  .   (no gloves)
Will    .....                   (boots currently unavailable)
Stlth   +.........              (no amulet)
HPRegen 0.08/turn               d - ring of protection from cold
MPRegen 0.10/turn               (no ring)

@: lethally poisoned (0 -> -6), appendages (expiring), attractive
A: horns 2, (nimble swimmer 2), mertail
a: End Transformation


You were on level 2 of the Dungeon.
You had temporarily grown beastly horns.
You visited 1 branch of the dungeon, and saw 2 of its levels.

You collected 98 gold pieces.

Inventory:

Hand Weapons
 e - a +1 spear of flaming (weapon)
 k - a +0 dagger of electrocution
Missiles
 h - 5 stones
Armour
 a - a +0 robe (worn)
Jewellery
 d - a ring of protection from cold (left hand)
Scrolls
 c - 2 scrolls of butterflies {unknown}
 g - a scroll of enchant weapon {unknown}
 i - a scroll of summoning {unknown}
 l - a scroll of blinking {unknown}
Potions
 b - a potion of lignification
 j - a potion of flight {unknown}
 m - a potion of curing {unknown}
 n - a potion of brilliance {unknown}


   Skills:
 + Level 1.2 Fighting
 - Level 3.7 Dodging
 - Level 3.9 Unarmed Combat
 + Level 2.0 Spellcasting
 * Level 2.8 Transmutations
 * Level 0.4 Poison Magic


You had 2 spell levels left.
You knew the following spells:

 Your Spells              Type           Power      Damage    Failure   Level
a - Beastly Appendage     Tmut           16%        N/A       9%          1
b - Spider Form           Tmut/Pois      5%         N/A       38%         3

Your spell library contained the following spells:

 Spells                   Type           Power      Damage    Failure   Level
 Wereblood                Tmut           8%         N/A       13%         2
 Ice Form                 Ice/Tmut       4%         N/A       83%         4


Dungeon Overview and Level Annotations

Branches:
Dungeon (2/15)

Altars:


Innate Abilities, Weirdness & Mutations

You have temporarily grown beastly horns.
((You are very nimble when in or above water. (Stealth+, EV+, Speed+++)))
Your lower body shifts to a powerful aquatic tail in water.


Message History

Press: ? - help, Dir - move target, f - adder
Aim: an adder (about 54% to evade your +1 spear of flaming)
The kobold shouts!
You hit the adder. You burn the adder.
The adder is moderately wounded.
The adder bites you.
You closely miss the adder. Your headbutt misses the adder.
The adder is moderately wounded.
The adder closely misses you. The ball python bites you.
The ball python barely misses you.
Your transformation is almost over.
The adder bites you.
You are poisoned.
The adder poisons you!
You closely miss the adder.
The adder is moderately wounded.
You feel sick. The adder barely misses you.
You miss the adder.
The adder is moderately wounded.
You feel sick. The adder bites you. x2
You miss the adder. Your headbutt misses the adder.
The adder is moderately wounded.
You feel sick.
You hit the adder. You burn the adder. Your headbutt misses the adder.
The adder is heavily wounded.
You feel sick. The adder closely misses you. The kobold barely misses you.
The adder closely misses you.
You miss the adder.
The adder is heavily wounded.
You feel sick.
You are no longer poisoned.
The kobold hits you with a +0 short sword.
* * * LOW HITPOINT WARNING * * *
The adder bites you.
* * * LOW HITPOINT WARNING * * *
You are lethally poisoned!
The adder poisons you!
It was a potion of attraction.
You feel attractive to monsters.
You die...

### ....###
.......##########.#
#SK@#....>.#.#
###S#........# ..
#.........# .
###.......# .
#.......# #.
#.......# #.#
#....†..# #..#
###.###.# #..####
#.# #.#


You could see an adder, a ball python and a kobold.

Vanquished Creatures
  2 adders (D:2)
  3 ball pythons
  An endoplasm (D:1)
  A goblin (D:1)
  2 hobgoblins (D:1)
  A quokka (D:1)
  2 frilled lizards (D:1)
  3 kobolds (D:1)
  3 rats (D:1)
18 creatures vanquished.

Notes
Turn   | Place    | Note
-------+----------+-------------------------------------------
     0 | D:1      | Wobber the Merfolk Transmuter began the quest for the Orb.
     0 | D:1      | Reached XP level 1. HP: 15/15 MP: 3/3
   306 | D:1      | Reached XP level 2. HP: 21/21 MP: 3/5
   817 | D:1      | Found a faded altar of an unknown god.
  1036 | D:2      | Reached XP level 3. HP: 20/26 MP: 4/6
  1053 | D:2      | Learned a level 3 spell: Spider Form
  1479 | D:2      | Succumbed to an adder's poison

Illustrated notes

Levels and vault maps discovered:
D:1:      ebering_trefoil_twist, layout_basic,
          shapermc_ecumenical_altar_mp_vishouse
D:2:      layout_rooms, minmay_rat_gold_closets

Skill      XL: |  1 |
---------------+----+-----
Dodging        | 3 |  3.7
Fighting       | |  1.2
Unarmed Combat | |  3.9
Spellcasting   | |  2.0
Transmutations | |  2.8
Poison Magic   | |  0.4

Action                   || total
-------------------------++-------
Melee: Spear             ||    46
       Unarmed           ||     4
       Headbutt          ||     2
       Punch             ||     1
 Cast: Beastly Appendage ||    13
  Use: Potion            ||     1
 Stab: Sleeping          ||     3
Armor: Robe              ||     2
Dodge: Dodged            ||    21
